 Dungeon Crawl Stone Soup version 0.28.0-49-g6dfe1f597d (webtiles) character file.

Game seed: 12288019573833651842

1495 Zeld the Conjurer (level 8, -3/68 HPs)
             Began as a White Draconian Conjurer on May 17, 2022.
             Slain by a wyvern (10 damage)
             ... on level 6 of the Dungeon.
             The game lasted 00:05:59 (6679 turns).

Zeld the Conjurer (White Draconian Conjurer)        Turns: 6679, Time: 00:06:00

Health: -3/68      AC:  8    Str: 11    XL:     8   Next: 51%
Magic:  8/15       EV: 12    Int: 22    God:
Gold:   254        SH:  0    Dex:  9    Spells: 6/17 levels left

rFire   . . .      SeeInvis .   a - +6 hand axe of the Old World {vorpal, rElec rN+ Will+ Str+2}
rCold   + . .      Faith    .   (no shield)
rNeg    + . .      Spirit   .   (armour unavailable)
rPois   +          Reflect  .   p - +1 hat
rElec   +          Harm     .   c - +0 cloak
rCorr   .          Rampage  .   (no gloves)
Will    +....                   (no boots)
Stlth   ++........              (no amulet)
HPRegen 0.21/turn               q - ring of wizardry
MPRegen 0.14/turn               b - ring of poison resistance

@: no status effects
A: breathe frost, AC +6, unfitting armour, cold resistance 1, cold-blooded
a: Breathe Frost


You were on level 6 of the Dungeon.
You visited 2 branches of the dungeon, and saw 7 of its levels.

You collected 254 gold pieces.

Inventory:

Hand Weapons
 a - the +6 hand axe of the Old World (weapon) {vorpal, rElec rN+ Will+ Str+2}
   (You found it on level 5 of the Dungeon)

   It inflicts extra damage upon your enemies.
   Str:       It affects your strength (+2).
   rElec:     It insulates you from electricity.
   rN:        It protects you from negative energy.
   Will:      It increases your willpower.
Armour
 c - a +0 cloak (worn)
 p - a +1 hat (worn)
Jewellery
 b - a ring of poison resistance (right hand)
 q - a ring of wizardry (left hand)
Wands
 n - a wand of flame (21)
Scrolls
 e - 2 scrolls of identify {unknown}
 h - a scroll of fear {unknown}
 j - a scroll of holy word {unknown}
 k - a scroll of fog {unknown}
 l - 2 scrolls of enchant weapon {unknown}
 o - a scroll of teleportation {unknown}
Potions
 d - 2 potions of flight {unknown}
 f - a potion of resistance {unknown}
 g - a potion of degeneration {unknown}
 i - a potion of cancellation {unknown}
 m - a potion of experience {unknown}
 r - a potion of heal wounds {unknown}
 s - 2 potions of mutation {unknown}


   Skills:
 * Level 5.3 Fighting
 + Level 3.6 Dodging
 + Level 3.7 Stealth
 * Level 5.0 Spellcasting
 * Level 6.4 Conjurations
 - Level 2.0 Hexes
 - Level 2.0 Translocations


You had 6 spell levels left.
You knew the following spells:

 Your Spells              Type           Power      Damage    Failure   Level
a - Magic Dart            Conj           100%       1d8       1%          1
b - Searing Ray           Conj           68%        2d6       1%          2
c - Fulminant Prism       Conj/Hex       12%        3d9       8%          4
d - Iskenderun's Mystic   Conj/Tloc      24%        2d7       8%          4

Your spell library contained the following spells:

 Spells                   Type           Power      Damage    Failure   Level
 Foxfire                  Conj/Fire      76%        2x1d7     1%          1
 Shock                    Conj/Air       76%        1d7       1%          1
 Dazzling Flash           Conj/Hex       48%        N/A       2%          3
 Conjure Flame            Conj/Fire      19%        6-21      3%          3
 Sting                    Tmut/Pois      20%        1d4       4%          1
 Poisonous Vapours        Pois/Air       10%        N/A       6%          2
 Sublimation of Blood     Necr           5%         N/A       6%          2
 Wereblood                Tmut           5%         N/A       6%          2
 Inner Flame              Hex/Fire       9%         N/A       9%          3
 Flame Wave               Conj/Fire      19%        2d6       11%         4
 Swiftness                Air            5%         N/A       12%         3
 Airstrike                Air            2%         N/A       36%         4
 Olgreb's Toxic Radiance  Pois           5%         N/A       36%         4
 Ozocubu's Refrigeration  Ice            2%         4d5       100%        7
 Summon Hydra             Summ           2%         N/A       100%        7
 Ignition                 Fire           2%         3d3       100%        8


Dungeon Overview and Level Annotations

Branches:
Dungeon (6/15)             Temple (1/1) D:5

Altars:
Ashenzari
Dithmenos
Fedhas
Kikubaaqudgha
Makhleb
Nemelex Xobeh
Okawaru
Qazlal
Trog
Uskayaw
Xom
The Shining One

Shops:
D:6 (


Innate Abilities, Weirdness & Mutations

You can breathe waves of freezing cold which knock back foes.
Your icy white scales are hard. (AC +6)
You cannot fit into any form of body armour.
Your flesh is cold resistant. (rC+)
You are cold-blooded and may be slowed by cold attacks.


Message History

Confirm with . or Enter, or press ? or * to list all spells.
Aiming: Searing Ray (safe; 1% risk of failure)
Press: ? - help, Shift-Dir - straight line, f - orc wizard
Aim: an orc wizard, wielding a +0 dagger and wearing a +0 robe (76% to hit)
The searing ray hits the wyvern.
The wyvern is heavily wounded.
The searing ray hits the orc wizard!
The orc wizard is almost dead. (Press . to maintain the ray.)
The wyvern misses you.
The orc wizard casts a spell.
The orc wizard flickers and vanishes!
Deactivating autopickup; reactivate with Ctrl-A.
The wyvern bites you!
The searing ray hits the wyvern.
The wyvern is severely wounded.
The searing ray hits something!
Reactivating autopickup.
You feel a bit more experienced.
The wyvern bites you but does no damage.
Your Spellcasting skill increases to level 5!
The searing ray misses the wyvern.
The wyvern misses you. The wyvern bites you!
* * * LOW HITPOINT WARNING * * *
Unknown command.
The searing ray hits the wyvern!
The wyvern is almost dead.
You finish channelling your searing ray.
The wyvern bites you.
* * * LOW HITPOINT WARNING * * *
Unknown command.
Unknown command.
Casting: Searing Ray (safe; 1% risk of failure)
Confirm with . or Enter, or press ? or * to list all spells.
Aiming: Searing Ray (safe; 1% risk of failure)
Press: ? - help, Shift-Dir - straight line The searing ray hits the wyvern but does no damage.
The wyvern is almost dead. (Press . to maintain the ray.)
The wyvern bites you!
You die...

#.....#
#.....#
...#.#
.)....#
#..#.#
..#+###
..#.# ..#
#...# #.#
#...##.# #.#
#....... #..
.####.#)##.#
##≈≈
P.≈≈.)l@)#.#
≈≈.
..≈≈.<#..#.#
♣P... #..#.#
##P ♣♣.P
#....## ..♣
♣. #.....#
##♣ ..
###.>.# # .
##..# # #..#
.. #..#


You could see a wyvern.

Vanquished Creatures
  Prince Ribbit (D:5)
  2 water moccasins (D:6)
  2 black bears
  4 ogres
  A wyvern zombie (D:5)
  A scorpion (D:5)
  2 bullfrog zombies
  A jelly (D:5)
  An orc priest (D:5)
  A hound (D:4)
  3 iguanas
  2 orc wizards
  7 adders
  2 white imps
  2 ufetubi
  2 worms (D:3)
  A dart slug (D:2)
  9 orcs
  8 endoplasms
  2 giant cockroaches (D:3)
  6 goblins
  6 hobgoblins
  9 jackals
  5 quokkas
  3 ball pythons (D:2)
  2 bats (D:2)
  3 frilled lizards
  6 kobolds
  5 rats
99 creatures vanquished.

Notes
Turn   | Place    | Note
-------+----------+-------------------------------------------
     0 | D:1      | Zeld the Draconian Conjurer began the quest for the Orb.
     0 | D:1      | Reached XP level 1. HP: 14/14 MP: 3/3
   600 | D:1      | Reached XP level 2. HP: 22/22 MP: 3/5
   822 | D:1      | Learned a level 2 spell: Searing Ray
   896 | D:2      | Reached skill level 1 in Fighting
  1199 | D:2      | Reached XP level 3. HP: 28/28 MP: 4/6
  1609 | D:2      | Found a faded altar of an unknown god.
  1988 | D:2      | Found a shadowy altar of Dithmenos.
  2284 | D:3      | Reached XP level 4. HP: 36/36 MP: 5/8
  3379 | D:4      | Noticed an ogre
  3391 | D:4      | Reached XP level 5. HP: 41/42 MP: 3/9
  3469 | D:4      | Killed an ogre
  3470 | D:4      | Reached skill level 5 in Conjurations
  3908 | D:4      | Noticed an ogre
  3919 | D:4      | Killed an ogre
  3920 | D:4      | Reached XP level 6. HP: 51/51 MP: 2/11
  3925 | D:4      | Learned a level 4 spell: Fulminant Prism
  3930 | D:4      | Learned a level 4 spell: Iskenderun's Mystic Blast
  4020 | D:4      | Found a stormy altar of Qazlal.
  4271 | D:4      | Found a sparkling altar of Nemelex Xobeh.
  4447 | D:5      | Entered Level 5 of the Dungeon
  4871 | D:5      | Found a shadowy altar of Dithmenos.
  4873 | D:5      | Noticed Prince Ribbit
  4894 | D:5      | Killed Prince Ribbit
  4895 | D:5      | Reached skill level 1 in Translocations
  4895 | D:5      | Your scales start taking on an icy white colour.
  4895 | D:5      | Reached XP level 7. HP: 40/58 MP: 2/12
  4895 | D:5      | Gained mutation: Your flesh is cold resistant. (rC+) [White
                  | Draconian growth]
  5059 | D:5      | Found a staircase to the Ecumenical Temple.
  5067 | D:5      | Reached skill level 1 in Hexes
  5071 | Temple   | Entered the Ecumenical Temple
  5767 | D:5      | Identified the +6 hand axe of the Old World {vorpal, rElec
                  | rN+ Will+ Str+2}
  6175 | D:6      | Reached XP level 8. HP: 65/67 MP: 14/14
  6181 | D:6      | Reached skill level 6 in Conjurations
  6263 | D:6      | Reached skill level 5 in Fighting
  6572 | D:6      | Found Rityqifo's Weapon Boutique.
  6677 | D:6      | Reached skill level 5 in Spellcasting
  6679 | D:6      | Slain by a wyvern

Illustrated notes

Levels and vault maps discovered:
D:1:      eino_arrival_cavern_a, layout_basic
D:2:      layout_loops_corners, chequers_ecumenical_altar_simple, basic_altar
D:3:      layout_basic
D:4:      layout_basic, lemuel_crystal_altar, lemuel_coloured_pillars_altar,
          st_stairs_3, minmay_surrounded
D:5:      layout_rooms, mainiacjoe_overflow_concentric_impassable,
          minmay_temple_entry_hall, grunt_ministairs_9, uniq_prince_ribbit1
D:6:      layout_basic, nicolae_elyvilon_peaceful_grove, serial_shops,
          kennysheep_mini_moat
Temple:   jpeg_temple_island

Skill      XL: |  1  2  3  4  5  6  7  8 |
---------------+-------------------------+-----
Fighting       | 1 2 3 4 5 |  5.3
Dodging        | 2 3 |  3.6
Stealth        | 2 3 |  3.7
Spellcasting   | 3 4 5 |  5.0
Conjurations   | 5 6 |  6.4
Translocations | 1 2 |  2.0
Hexes          | 1 2 |  2.0

Action                   |  1- 3 |  4- 6 |  7- 9 || total
-------------------------+-------+-------+-------++-------
Melee: Unarmed           |    48 |       |       ||    48
       Tailslap          |     4 |       |     5 ||     9
       Punch             |     1 |       |     1 ||     2
       Hand axe          |       |       |    60 ||    60
 Cast: Magic Dart        |    60 |    55 |     8 ||   123
       Searing Ray       |     2 |    19 |    13 ||    34
 Abil: Breathe Frost     |       |       |     1 ||     1
 Stab: Distracted        |       |       |     1 ||     1
Armor: Skin              |    19 |     5 |    57 ||    81
Dodge: Dodged            |    42 |    34 |    80 ||   156
